 Dungeon Crawl Stone Soup version 0.30-a0-737-gf23d94013f (webtiles) character file.

Game seed: 13217407985857669550

123 junb69 the Insei (level 5, 0/33 HPs)
             Began as an Octopode Transmuter on Feb 2, 2023.
             Slain by a gnoll
             ... wielding a +0 club
              (7 damage)
             ... on level 4 of the Dungeon.
             The game lasted 00:05:10 (2442 turns).

junb69 the Insei (Octopode Transmuter)              Turns: 2442, Time: 00:05:11

Health: 0/33       AC:  1    Str:  9    XL:     5   Next: 7%
Magic:  8/8        EV: 13    Int: 17    God:
Gold:   173        SH:  0    Dex: 13    Spells: 3/8 levels left

rFire   . . .      SeeInvis +      - Unarmed
rCold   . . .      Faith    .    (no shield)
rNeg    . . .      Spirit   .    (helmet restricted)
rPois   .          Reflect  .    (no amulet)
rElec   .          Harm     .    e - ring of see invisible
rCorr   .          Rampage  .    (no ring)
Will    .....                    (no ring)
Stlth   ++                       (no ring)
HPRegen 0.25/turn                (no ring)
MPRegen 0.11/turn                (no ring)
                                 (no ring)
                                 (no ring)

@: no status effects
A: almost no armour, amphibious, 8 rings, camouflage 1, gelatinous body 1,
(nimble swimmer 1), tentacles
a: no special abilities


You were on level 4 of the Dungeon.
You visited 1 branch of the dungeon, and saw 4 of its levels.

You collected 173 gold pieces.

Inventory:

Magical Staves
 d - a staff of earth
Jewellery
 e - a ring of see invisible (left tentacle)
 i - a ring of fire
Wands
 q - a wand of roots (6)
Scrolls
 c - 2 scrolls of identify {unknown}
 f - a scroll of vulnerability {unknown}
 g - a scroll of fog {unknown}
 h - a scroll of immolation {unknown}
 j - a scroll of blinking {unknown}
 k - a scroll of enchant weapon {unknown}
 m - a scroll of teleportation {unknown}
 p - a scroll of fear {unknown}
Potions
 a - 2 potions of lignification
 b - a potion of curing {unknown}
 l - 3 potions of might {unknown}
 n - a potion of heal wounds {unknown}
 o - 2 potions of mutation {unknown}


   Skills:
 - Level 1.0 Fighting
 - Level 2.0 Dodging
 - Level 4.1 Unarmed Combat
 - Level 2.0 Spellcasting
 - Level 3.6 Transmutations
 * Level 1.9 Ice Magic


You had 3 spell levels left.
You knew the following spells:

 Your Spells              Type           Power      Damage    Failure   Level
a - Beastly Appendage     Tmut           26%        N/A       4%          1
b - Ice Form              Ice/Tmut       11%        N/A       52%         4

Your spell library contained the following spells:

 Spells                   Type           Power      Damage    Failure   Level
 Wereblood                Tmut           13%        N/A       7%          2
 Freeze                   Ice            32%        1d5       9%          1
 Frozen Ramparts          Ice            16%        1d3       26%         3
 Cigotuvi's Dreadful Rot  Necr/Pois/Air  2%         N/A       28%         2
 Poisonous Vapours        Pois/Air       2%         N/A       28%         2
 Spider Form              Tmut/Pois      7%         N/A       28%         3
 Hailstorm                Conj/Ice       4%         3d4       36%         3
 Mephitic Cloud           Conj/Pois/Air  1%         N/A       50%         3
 Summon Guardian Golem    Hex/Summ       1%         N/A       50%         3
 Animate Dead             Necr           1%         N/A       88%         4
 Iskenderun's Battlesphe  Conj           1%         2d6       99%         5
 Iron Shot                Conj/Erth      0%         9d1       100%        6
 Haunt                    Necr/Summ      0%         N/A       100%        7
 Orb of Destruction       Conj           0%         9d5       100%        7
 Spellforged Servitor     Conj/Summ      0%         N/A       100%        7
 Infestation              Necr           0%         N/A       100%        8


Dungeon Overview and Level Annotations

Branches:
Dungeon (4/15)
 Temple: D:4-7

Altars:


Innate Abilities, Weirdness & Mutations

You cannot wear most types of armour.
You are amphibious.
You can wear up to eight rings at the same time.
Your skin changes colour to match your surroundings (Stealth+).
Your rubbery body absorbs attacks. (AC +1, EV +1)
((You are camouflaged when in or above water. (Stealth+)))
You have tentacles for arms and can constrict up to eight enemies at once.


Message History

The gnoll shouts! x2; You hear a shout!
The adder hisses angrily.
The adder closely misses you.
A gnoll comes into view. It is wielding a +0 spear.
A gnoll comes into view. It is wielding a +0 flail.
The gnoll moves out of view. x2
The gnoll shouts!
The gnoll shouts!
You tentacle-slap the adder but do no damage.
Your grab misses the adder.
You pierce the adder.
The adder is lightly wounded.
The adder barely misses you. The adder closely misses you.
You barely miss the adder. Your grab misses the adder.
The adder is lightly wounded.
Your transformation is almost over.
The adder closely misses you.
You closely miss the adder. Your grab misses the adder.
Your tentacle spike misses the adder.
Your squeeze misses the adder.
A gnoll comes into view. It is wielding a +0 club.
The adder closely misses you.
The gnoll shouts!
You tentacle-slap the adder but do no damage.
You grab the adder. You squeeze the adder!
The adder is severely wounded.
You constrict the adder. The adder closely misses you.
You tentacle-slap the adder.
You kill the adder!
You have reached level 5!
You feel agile. The gnoll attacks as you move away!
The gnoll hits you with a +0 club.
Your tentacle spike disappears.
The gnoll attacks as you move away! The gnoll hits you with a +0 club.
The gnoll hits you with a +0 club!
The gnoll hits you from afar with a +0 spear.
The gnoll attacks as you move away! The gnoll misses you.
You hear the slow rusting of a very distant drain.
There is an open door here.
The gnoll attacks as you move away! The gnoll hits you with a +0 club.
* * * LOW HITPOINT WARNING * * *
The gnoll attacks as you move away! The gnoll hits you with a +0 club!
You die...

#.......#
##.......##+#############
..................<......
.........................
......................)..
.........................
.........................
+##.....##+#############
#....@#......#
#....g#......#
#...g.#......+ ...
#....g#......# ...
#.....##....# ..#
##....g#....###..#
#.....'.........#
#.....#g........#
#.....#.........#


You could see 4 gnolls.

Vanquished Creatures
  6 adders
  A worm (D:3)
  5 orcs (D:3)
  6 ball pythons
  7 bats
  5 endoplasms
  4 giant cockroaches
  5 hobgoblins
  6 kobolds
  6 frilled lizards
  4 goblins
  8 rats
63 creatures vanquished.

Notes
Turn   | Place    | Note
-------+----------+-------------------------------------------
     0 | D:1      | junb69 the Octopode Transmuter began the quest for the Orb.
     0 | D:1      | Reached XP level 1. HP: 13/13 MP: 3/3
   256 | D:1      | Reached XP level 2. HP: 9/18 MP: 5/5
   626 | D:1      | Found a faded altar of an unknown god.
   998 | D:2      | Reached skill level 4 in Unarmed Combat
  1052 | D:2      | Reached XP level 3. HP: 20/23 MP: 6/6
  1498 | D:2      | Reached XP level 4. HP: 24/28 MP: 5/7
  1503 | D:2      | Learned a level 4 spell: Ice Form
  1737 | D:3      | Identified the +0 robe of Wasted Space {rElec rPois Int+2}
  1937 | D:3      | Reached skill level 1 in Ice Magic
  2428 | D:4      | Reached XP level 5. HP: 33/33 MP: 6/8
  2442 | D:4      | Slain by a gnoll

Illustrated notes

Levels and vault maps discovered:
D:1:      dpeg_arrival_castle, layout_loops_corners,
          hellmonk_ecumenical_altar_pennies_from_heaven
D:2:      minmay_chambers_of_ones, layout_rooms, minmay_quantized
D:3:      layout_basic, hangedman_decor_slide_cut
D:4:      layout_gridville, gammafunk_temple_overflow_forgotten,
          portal_sewer_entry_f

Skill      XL: |  1  2  3  4 |
---------------+-------------+-----
Unarmed Combat | 4 |  4.1
Transmutations | 3 |  3.6
Ice Magic      | 1 |  1.9
Fighting       | |  1.0
Dodging        | |  2.0
Spellcasting   | |  2.0

Action                     |  1- 3 |  4- 6 || total
---------------------------+-------+-------++-------
  Melee: Unarmed           |    64 |    58 ||   122
         Constrict         |    20 |    13 ||    33
         Tentacles         |     8 |    15 ||    23
         Kick              |    15 |    13 ||    28
         Punch             |     1 |     1 ||     2
   Cast: Beastly Appendage |    14 |    12 ||    26
   Stab: Sleeping          |     5 |     1 ||     6
         Distracted        |       |     1 ||     1
 Armour: Skin              |     5 |     5 ||    10
  Dodge: Dodged            |    34 |    38 ||    72

Table legend: (Time is in decaauts)
 A = Elapsed time spent in this place.
 B = Non-inter-level travel time spent in this place.
 C = Inter-level travel time spent in this place.
 D = Time resting spent in this place.
 E = Time spent auto-exploring this place.
 F = Levels seen in this place.
 G = Mean time per level.
                   A        B        C        D        E       F      G
               +--------+--------+--------+--------+--------+-----+--------+
         Total |   2431 |   2358 |     73 |     67 |   1689 |   4 |  607.8 |
       Dungeon |   2431 |   2358 |     73 |     67 |   1689 |   4 |  607.8 |
               +--------+--------+--------+--------+--------+-----+--------+

Top non-repeatable levels by time:
     D:1: 947 daAuts
     D:3: 715 daAuts
     D:2: 711 daAuts
     D:4: 56 daAuts
